SA
NEBRASKA PLAINSMEN @ GRIM REAPERS
08/11/2029
 
TOP OF THE 1ST
Nebraska Plainsmen batting - Pitching for Grim Reapers : LHP Valentyn Hochmiller
Pitching: LHP Valentyn Hochmiller
Batting: LHB Yin-reng Hsueh 0-0: Ball
1-0: Ball
2-0: Called Strike
2-1: Ball
3-1: Ground out 6-3 (Groundball, 6)
Batting: LHB Gerardo Ponce de Leon 0-0: Called Strike
0-1: SINGLE (Groundball, 34D)
Batting: SHB Allen Pandey 0-0: Ball
1-0: Foul Ball, location: 2F
1-1: Hit by Pitch
Gerardo Ponce de Leon to second
Batting: RHB Alco Compagne 0-0: Swinging Strike
0-1: Foul Ball, location: 2F
0-2: Ball
1-2: Grounds into double play, 5-4-3 (Groundball, 56)
Top of the 1st over - 0 runs, 1 hit, 0 errors, 1 left on base; Nebraska 0 - Grim 0
BOTTOM OF THE 1ST
Grim Reapers batting - Pitching for Nebraska Plainsmen : RHP César Román
Pitching: RHP César Román
Batting: RHB David Gaston 0-0: Ball
1-0: DOUBLE (Line Drive, 7D)
Batting: RHB Dolla Head 0-0: Ball
1-0: Ball
2-0: Fly out, F5 (Line Drive, 56)
Batting: RHB Milos Jaksch 0-0: Foul Ball, location: 2F
0-1: Ball
1-1: Ball
2-1: Called Strike
2-2: Strikes out looking
Batting: RHB Colby King 0-0: Called Strike
0-1: Foul Ball, location: 2F
0-2: Ball
1-2: Ball
2-2: Foul Ball, location: 2F
2-2: Ball
3-2: Ground out 4-3 (Groundball, 4)
Bottom of the 1st over - 0 runs, 1 hit, 0 errors, 1 left on base; Nebraska 0 - Grim 0
TOP OF THE 2ND
Nebraska Plainsmen batting - Pitching for Grim Reapers : LHP Valentyn Hochmiller
Batting: RHB Dan Hendricks 0-0: Called Strike
0-1: Foul Ball, location: 2F
0-2: Foul Ball, location: 2F
0-2: Ground out 6-3 (Groundball, 6MD)
Batting: SHB Rafael Porfrio 0-0: Ball
1-0: Ball
2-0: Ball
3-0: Called Strike
3-1: Foul Ball, location: 2F
3-2: Strikes out swinging
Batting: RHB Hamilton Swan 0-0: Ball
1-0: Ball
2-0: SINGLE (Groundball, 56S) (infield hit)
Batting: SHB Cyrille Baffi 0-0: Foul Ball, location: 2F
0-1: Ball
1-1: SINGLE (Groundball, 56) (infield hit)
Hamilton Swan to second
Batting: SHB José Muńóz 0-0: Ball
1-0: Ball
2-0: Fielders Choice at 2nd, 5-4 (Groundball, 56)
Top of the 2nd over - 0 runs, 2 hits, 0 errors, 2 left on base; Nebraska 0 - Grim 0
BOTTOM OF THE 2ND
Grim Reapers batting - Pitching for Nebraska Plainsmen : RHP César Román
Batting: RHB Mason Congdon 0-0: Foul Ball, location: 2F
0-1: Foul Ball, location: 2F
0-2: Strikes out swinging
Batting: LHB Kei-thing Zhang 0-0: SINGLE (Groundball, 4D)
Batting: RHB Mun-wah Law 0-0: Ball
1-0: 2-RUN HOME RUN (Flyball, 78XD), Distance : 422 ft
Batting: RHB Pete Bullock 0-0: Called Strike
0-1: Foul Ball, location: 2F
0-2: Foul Ball, location: 2F
0-2: Ball
1-2: Ball
2-2: SINGLE (Line Drive, 6M)
Batting: RHB Huai-yi Yang 0-0: Fielders Choice at 2nd, 6-4 (Groundball, 6)
Now at 2B: Matthias Ballerini
Batting: RHB David Gaston 0-0: Fly out, F6 (Line Drive, 6)
Bottom of the 2nd over - 2 runs, 3 hits, 0 errors, 1 left on base; Nebraska 0 - Grim 2
TOP OF THE 3RD
Nebraska Plainsmen batting - Pitching for Grim Reapers : LHP Valentyn Hochmiller
Batting: LHB Yin-reng Hsueh 0-0: Ball
1-0: Swinging Strike
1-1: Ball
2-1: Swinging Strike
2-2: Reached on error, E3 (Groundball, 34)
Batting: RHB Matthias Ballerini 0-0: Ball
1-0: Grounds into double play, 6-4-3 (Groundball, 56)
Batting: SHB Allen Pandey 0-0: Called Strike
0-1: Called Strike
0-2: Ball
1-2: Strikes out swinging
Top of the 3rd over - 0 runs, 0 hits, 1 error, 0 left on base; Nebraska 0 - Grim 2
BOTTOM OF THE 3RD
Grim Reapers batting - Pitching for Nebraska Plainsmen : RHP César Román
Batting: RHB Dolla Head 0-0: Called Strike
0-1: Swinging Strike
0-2: Ball
1-2: Strikes out looking
Batting: RHB Milos Jaksch 0-0: SINGLE (Line Drive, 89S)
Batting: RHB Colby King 0-0: Called Strike
0-1: Ground out 4-3 (Groundball, 4S)
Milos Jaksch to second
Batting: RHB Mason Congdon 0-0: Called Strike
0-1: Swinging Strike
0-2: Strikes out swinging
Bottom of the 3rd over - 0 runs, 1 hit, 0 errors, 1 left on base; Nebraska 0 - Grim 2
TOP OF THE 4TH
Nebraska Plainsmen batting - Pitching for Grim Reapers : LHP Valentyn Hochmiller
Batting: RHB Alco Compagne 0-0: Ground out 5-3 (Groundball, 56)
Batting: RHB Dan Hendricks 0-0: Foul Ball, location: 2F
0-1: Ball
1-1: Ball
2-1: DOUBLE (Line Drive, 7LM)
Batting: SHB Rafael Porfrio 0-0: Called Strike
0-1: Ball
1-1: Ball
2-1: Swinging Strike
2-2: Ball
3-2: Strikes out swinging
Batting: RHB Hamilton Swan 0-0: Called Strike
0-1: Swinging Strike
0-2: Ball
1-2: Strikes out swinging
Top of the 4th over - 0 runs, 1 hit, 0 errors, 1 left on base; Nebraska 0 - Grim 2
BOTTOM OF THE 4TH
Grim Reapers batting - Pitching for Nebraska Plainsmen : RHP César Román
Batting: LHB Kei-thing Zhang 0-0: Called Strike
0-1: Called Strike
0-2: Ball
1-2: Strikes out swinging
Batting: RHB Mun-wah Law 0-0: Foul Ball, location: 2F
0-1: Ball
1-1: Foul Ball, location: 2F
1-2: Ball
2-2: Fly out, F8 (Line Drive, 8LM)
Batting: RHB Pete Bullock 0-0: Swinging Strike
0-1: Ground out 6-3 (Groundball, 6)
Bottom of the 4th over - 0 runs, 0 hits, 0 errors, 0 left on base; Nebraska 0 - Grim 2
TOP OF THE 5TH
Nebraska Plainsmen batting - Pitching for Grim Reapers : LHP Valentyn Hochmiller
Batting: SHB Cyrille Baffi 0-0: Foul Ball, location: 2F
0-1: Foul Ball, location: 2F
0-2: Ball
1-2: Fly out, F7 (Flyball, 78S)
Batting: SHB José Muńóz 0-0: Ball
1-0: Called Strike
1-1: Foul Ball, location: 2F
1-2: Strikes out swinging
Batting: LHB Yin-reng Hsueh 0-0: Ground out 6-3 (Groundball, 6)
Top of the 5th over - 0 runs, 0 hits, 0 errors, 0 left on base; Nebraska 0 - Grim 2
BOTTOM OF THE 5TH
Grim Reapers batting - Pitching for Nebraska Plainsmen : RHP César Román
Batting: RHB Huai-yi Yang 0-0: Called Strike
0-1: Foul Ball, location: 2F
0-2: Fly out, F8 (Flyball, 89D)
Batting: RHB David Gaston 0-0: Called Strike
0-1: Ground out 6-3 (Groundball, 6)
Batting: RHB Dolla Head 0-0: Ball
1-0: Ball
2-0: Called Strike
2-1: Foul Ball, location: 2F
2-2: Fly out, F9 (Flyball, 89S)
Bottom of the 5th over - 0 runs, 0 hits, 0 errors, 0 left on base; Nebraska 0 - Grim 2
TOP OF THE 6TH
Nebraska Plainsmen batting - Pitching for Grim Reapers : LHP Valentyn Hochmiller
Batting: RHB Matthias Ballerini 0-0: SINGLE (Line Drive, 7LS)
Batting: SHB Allen Pandey 0-0: Foul Ball, location: 2F
0-1: Ball
1-1: Called Strike
1-2: Fly out, F4 (Popup, 4)
Batting: RHB Alco Compagne 0-0: Ball
1-0: Ball
2-0: Foul Ball, location: 2F
2-1: Called Strike
2-2: Strikes out looking
Batting: RHB Dan Hendricks 0-0: Ball
1-0: Called Strike
1-1: Swinging Strike
1-2: Foul Ball, location: 2F
1-2: Ball
Matthias Ballerini steals 2nd base
2-2: DOUBLE (Line Drive, 9D)
Matthias Ballerini scores
Batting: SHB Rafael Porfrio 0-0: Called Strike
0-1: Ball
1-1: Foul Ball, location: 2F
1-2: SINGLE (Line Drive, 56)
Dan Hendricks to third
Runner from 3rd tries for Home, SAFE, no throw
Batting: RHB Hamilton Swan 0-0: Called Strike
0-1: Ball
1-1: Ground out U3 (Groundball, 34)
Top of the 6th over - 2 runs, 3 hits, 0 errors, 1 left on base; Nebraska 2 - Grim 2
BOTTOM OF THE 6TH
Grim Reapers batting - Pitching for Nebraska Plainsmen : RHP César Román
Batting: RHB Milos Jaksch 0-0: Ground out 4-3 (Groundball, 4)
Batting: RHB Colby King 0-0: Called Strike
0-1: Ball
1-1: Foul Ball, location: 2F
1-2: Ball
2-2: Strikes out swinging
Batting: RHB Mason Congdon 0-0: SOLO HOME RUN (Flyball, 78XD), Distance : 416 ft
Batting: LHB Kei-thing Zhang 0-0: Swinging Strike
0-1: Swinging Strike
0-2: Strikes out swinging
Bottom of the 6th over - 1 run, 1 hit, 0 errors, 0 left on base; Nebraska 2 - Grim 3
TOP OF THE 7TH
Nebraska Plainsmen batting - Pitching for Grim Reapers : LHP Valentyn Hochmiller
Batting: SHB Cyrille Baffi 0-0: Called Strike
0-1: Ball
1-1: Foul Ball, location: 2F
1-2: Foul Ball, location: 2F
1-2: Ground out U3 (Groundball, 34)
Batting: SHB José Muńóz 0-0: Ball
1-0: Called Strike
1-1: Foul Ball, location: 2F
1-2: Ball
2-2: SINGLE (Groundball, 6MD)
Pinch Hitting: RHB Lloyd Raaijmakers 0-0: SINGLE (Line Drive, 5D)
José Muńóz to second
Pinch Hitting: RHB José Bravo 0-0: Called Strike
0-1: Ball
1-1: Ball
2-1: Foul Ball, location: 2F
2-2: Foul Ball, location: 2F
2-2: DOUBLE (Groundball, 5L)
José Muńóz scores
Lloyd Raaijmakers to third
Runner from 3rd tries for Home, SAFE, no throw
Pinch Hitting: RHB Shelby Loudenslager 0-0: Ball
1-0: Swinging Strike
1-1: Ball
2-1: Ball
3-1: Base on Balls
Batting: RHB Alco Compagne 0-0: Ball
1-0: Called Strike
1-1: Called Strike
1-2: Ball
2-2: Foul Ball, location: 2F
2-2: Ball
Wild Pitch!
José Bravo to third
Shelby Loudenslager to second
3-2: Intentional Walk
Pitching: LHP Bill Minor
Batting: RHB Dan Hendricks 0-0: Called Strike
0-1: Swinging Strike
0-2: Ball
Wild Pitch!
José Bravo scores
Shelby Loudenslager to third
Alco Compagne to second
1-2: 3-RUN HOME RUN (Flyball, 7LD), Distance : 351 ft
Batting: SHB Rafael Porfrio 0-0: Swinging Strike
0-1: Ball
1-1: Ball
2-1: Foul Ball, location: 2F
2-2: Ball
3-2: Foul Ball, location: 2F
3-2: Foul Ball, location: 2F
3-2: Fly out, F1 (Line Drive, 13S)
Batting: RHB Hamilton Swan 0-0: Ball
1-0: Ball
2-0: Fly out, F9 (Flyball, 9)
Top of the 7th over - 6 runs, 4 hits, 0 errors, 0 left on base; Nebraska 8 - Grim 3
BOTTOM OF THE 7TH
Grim Reapers batting - Pitching for Nebraska Plainsmen : RHP César Román
Now at SS: Lloyd Raaijmakers
Now in LF: José Bravo
Batting: RHB Mun-wah Law 0-0: Foul Ball, location: 2F
Now in LF: José Germán 0-1: Ball
1-1: Foul Ball, location: 2F
1-2: Strikes out swinging, 2-3 out at first.
Batting: RHB Pete Bullock 0-0: Swinging Strike
0-1: Ground out 6-3 (Groundball, 6)
Batting: RHB Huai-yi Yang 0-0: Called Strike
0-1: Called Strike
0-2: Ball
1-2: Ball
2-2: Foul Ball, location: 2F
2-2: Ground out 5-3 (Groundball, 5)
Bottom of the 7th over - 0 runs, 0 hits, 0 errors, 0 left on base; Nebraska 8 - Grim 3
TOP OF THE 8TH
Nebraska Plainsmen batting - Pitching for Grim Reapers : LHP Bill Minor
Batting: SHB Cyrille Baffi 0-0: Called Strike
0-1: Foul Ball, location: 2F
0-2: Foul Ball, location: 2F
0-2: Ball
1-2: Strikes out swinging
Batting: SHB José Muńóz 0-0: SINGLE (Line Drive, 89S)
Batting: RHB Lloyd Raaijmakers 0-0: Called Strike
0-1: Foul Ball, location: 2F
0-2: Strikes out swinging
Batting: RHB José Bravo 0-0: Foul Ball, location: 2F
0-1: Ball
1-1: Ball
2-1: Foul Ball, location: 2F
2-2: Ball
3-2: Fly out, F9 (Flyball, 9)
Top of the 8th over - 0 runs, 1 hit, 0 errors, 1 left on base; Nebraska 8 - Grim 3
BOTTOM OF THE 8TH
Grim Reapers batting - Pitching for Nebraska Plainsmen : RHP César Román
Batting: RHB David Gaston 0-0: Ball
1-0: Foul Ball, location: 2F
1-1: Foul Ball, location: 2F
1-2: Ball
2-2: Ball
3-2: Foul Ball, location: 2F
3-2: Foul Ball, location: 2F
3-2: Fly out, F8 (Flyball, 78D)
Batting: RHB Dolla Head 0-0: Foul Ball, location: 2F
0-1: Ball
1-1: Ground out 6-3 (Groundball, 6)
Batting: RHB Milos Jaksch 0-0: Ball
1-0: Called Strike
1-1: Fly out, F7 (Flyball, 7LM)
Bottom of the 8th over - 0 runs, 0 hits, 0 errors, 0 left on base; Nebraska 8 - Grim 3
TOP OF THE 9TH
Nebraska Plainsmen batting - Pitching for Grim Reapers : LHP Bill Minor
Batting: RHB José Germán 0-0: Ball
1-0: Foul Ball, location: 2F
1-1: Ball
2-1: Foul Ball, location: 2F
2-2: Fly out, F8 (Flyball, 8LD)
Batting: RHB Alco Compagne 0-0: Ball
1-0: Swinging Strike
1-1: Foul Ball, location: 2F
1-2: Ball
2-2: Foul Ball, location: 2F
2-2: Ball
3-2: Fly out, F7 (Flyball, 78M)
Batting: RHB Dan Hendricks 0-0: SINGLE (Groundball, 56D)
Batting: SHB Rafael Porfrio 0-0: Ball
1-0: Called Strike
1-1: SINGLE (Line Drive, 6MD)
Dan Hendricks to second
Runner from 2nd tries for 3rd, OUT!
Top of the 9th over - 0 runs, 2 hits, 0 errors, 1 left on base; Nebraska 8 - Grim 3
BOTTOM OF THE 9TH
Grim Reapers batting - Pitching for Nebraska Plainsmen : RHP César Román
Now at 2B: Martin Dalling
Batting: RHB Colby King 0-0: Ball
1-0: Fly out, F7 (Flyball, 7LMF)
Batting: RHB Mason Congdon 0-0: Ball
1-0: Foul Ball, location: 2F
1-1: Called Strike
1-2: Foul Ball, location: 2F
1-2: Ball
2-2: Ball
3-2: Strikes out swinging
Batting: LHB Kei-thing Zhang 0-0: Ground out 4-3 (Groundball, 4)
Bottom of the 9th over - 0 runs, 0 hits, 0 errors, 0 left on base; Nebraska 8 - Grim 3
Tuesday, December 19th, 2017 - OOTP Baseball 18.8 Build 76